 Dungeon Sprint DCSS version 0.17-a0-1450-g7e755d1 (webtiles) character file.

60 pulse the Shield-Bearer (level 4, -3/38 HPs)
             Began as a Formicid Fighter on June 30, 2015.
             Was an Initiate of Qazlal.
             Slain by a gargoyle
             ... wielding a +0 flail
              (18 damage)
             ... in the Dungeon (Sprint IX: "|||||||||||||||||||||||||||||").
             The game lasted 00:01:33 (436 turns).

pulse the Shield-Bearer (Formicid Fighter)           Turns: 436, Time: 00:01:34

Health: -3/38      AC: 17    Str: 27    XL:     4   Next: 24%
Magic:  4/4        EV:  6    Int:  7    God:    Qazlal [......]
Gold:   0          SH: 11    Dex: 10    Spells: 0 memorised, 3 levels left

rFire  . . .     SeeInvis +     p - +1 broad axe (freeze)
rCold  . . .     Clarity  .     r - +0 plate armour
rNeg   . . .     SustAt   .     c - +0 shield
rPois  .         Gourm    .     (helmet unavailable)
rElec  .         Spirit   .     (no cloak)
rCorr  .         Warding  .     q - +0 pair of gloves
rMut   .         Stasis   +     (no boots)
MR     .....                    (no amulet)
Stlth  ..........               t - +2 ring of protection
                                s - +2 ring of protection

@: mighty, not resistant to hostile enchantments, extremely unstealthy
A: permanent stasis, dig shafts and tunnels, four strong arms, antennae 3
a: Dig, Renounce Religion


You were in the Dungeon.
You worshipped Qazlal.
Qazlal was noncommittal.
You were not hungry.

You visited 1 branch

Inventory:

Hand weapons
 p - a +1 broad axe of freezing (weapon)
Armour
 b - a +0 scale mail
 c - a +0 shield (worn)
 q - a +0 pair of gloves (worn)
 r - a +0 plate armour (worn)
Jewellery
 s - a +2 ring of protection (left hand)
 t - a +2 ring of protection (right hand)
Magical devices
 o - a wand of fire (7)
Scrolls
 k - 2 scrolls of blinking
 m - 3 scrolls of remove curse
 n - 2 scrolls of amnesia
Potions
 f - 4 potions of curing
 g - a potion of heal wounds
 h - a potion of haste
 i - 4 potions of magic
 j - a potion of berserk rage
 l - a potion of invisibility
Comestibles
 e - a bread ration


   Skills:
 - Level 4.5 Fighting
 * Level 4.8 Axes
 - Level 4.5 Armour
 - Level 1.3 Dodging
 - Level 6.0 Shields


You had 3 spell levels left.
You didn't know any spells.

Dungeon Overview and Level Annotations

Branches:
Dungeon (1/1)

Altars:
Cheibriados
Dithmenos
Elyvilon
Fedhas
Gozag
Kikubaaqudgha
Makhleb
Nemelex Xobeh
Okawaru
Qazlal
Ru
Sif Muna
Trog
Vehumet
Xom
Yredelemnul
Zin
The Shining One
Beogh
Jiyva
Lugonu


Innate Abilities, Weirdness & Mutations

You are under a permanent stasis effect.
You can dig through walls and to a lower floor.
Your four strong arms can wield two-handed weapons with a shield.
You have a pair of large antennae on your head (SInv).


Message History

Drink which item? (? for menu, Esc to quit)
You feel much better.
The gargoyle hurls a stone arrow at you.
The stone arrow hits you!
Ouch! That really hurt!
Your shield and plate armour prevent you from hitting the gargoyle.
The gargoyle is lightly damaged.
The gargoyle hits you but does no damage.
You hit the gargoyle but do no damage.
The gargoyle is lightly damaged.
The gargoyle hurls a stone arrow at you.
You block the stone arrow.
Your shield and plate armour prevent you from hitting the gargoyle.
The gargoyle is lightly damaged.
You block the gargoyle's attack.
Your plate armour prevents you from hitting the gargoyle.
The gargoyle is lightly damaged.
The gargoyle hits you but does no damage.
The gargoyle hits you with a flail!!
You die...

▓+▓
▓.▓
▓.▓
▓r▓
▓l▓
▓C▓
▓9▓
{
▓@▓
{
▓(▓
{
▓.▓
{
▓.▓
{
▓[▓
{
▓.▓
{
▓)▓
{
▓|▓
▓.▓


You could see a hill giant, a gargoyle, a giant gecko and a quokka.

Vanquished Creatures
  2 worker ants (D)
  4 bats (D)
  A goblin (D)
  2 hobgoblins (D)
  A jackal (D)
  A kobold (D)
  A rat (D)
12 creatures vanquished.

Vanquished Creatures (others)
  A spatial maelstrom (D)
1 creature vanquished.

Grand Total: 13 creatures vanquished

Notes
Turn   | Place    | Note
--------------------------------------------------------------
     0 | D        | pulse the Formicid Fighter began the quest for the Orb.
     0 | D        | Reached XP level 1. HP: 18/18 MP: 1/1
     3 | D        | Banished a spatial maelstrom
     6 | D        | Reached skill level 4 in Shields
   151 | D        | Noticed a worker ant
   161 | D        | Reached XP level 2. HP: 21/25 MP: 2/2
   185 | D        | Killed a worker ant
   185 | D        | Reached skill level 1 in Dodging
   185 | D        | Reached skill level 6 in Shields
   185 | D        | Reached XP level 3. HP: 20/31 MP: 3/3
   335 | D        | Found a glowing silver altar of Zin.
   335 | D        | Found a glowing golden altar of the Shining One.
   335 | D        | Found an ancient bone altar of Kikubaaqudgha.
   335 | D        | Found a basalt altar of Yredelemnul.
   335 | D        | Found a shimmering altar of Xom.
   335 | D        | Found a radiant altar of Vehumet.
   336 | D        | Found an iron altar of Okawaru.
   337 | D        | Found a burning altar of Makhleb.
   338 | D        | Found a deep blue altar of Sif Muna.
   339 | D        | Found a bloodstained altar of Trog.
   340 | D        | Found a sparkling altar of Nemelex Xobeh.
   341 | D        | Found a white marble altar of Elyvilon.
   342 | D        | Found a roughly hewn altar of Beogh.
   343 | D        | Found a viscous altar of Jiyva.
   344 | D        | Found a corrupted altar of Lugonu.
   345 | D        | Found a blossoming altar of Fedhas.
   346 | D        | Found a snail-covered altar of Cheibriados.
   347 | D        | Found a shadowy altar of Dithmenos.
   348 | D        | Found a stormy altar of Qazlal.
   349 | D        | Found an opulent altar of Gozag.
   350 | D        | Found a sacrificial altar of Ru.
   356 | D        | Became a worshipper of Qazlal Stormbringer
   403 | D        | Noticed a hill giant
   403 | D        | Noticed a gargoyle
   403 | D        | Noticed a worker ant
   422 | D        | Killed a worker ant
   422 | D        | Reached XP level 4. HP: 33/38 MP: 4/4
   436 | D        | Slain by a gargoyle

Vault maps used:
D:        linesprint

Action                   |  1- 3 |  4- 6 || total
-------------------------+-------+-------++-------
Melee: War axe           |    55 |       ||    55
       Broad axe         |    18 |    10 ||    28
  Use: Potion            |     1 |     3 ||     4
